 Dungeon Crawl Stone Soup version 0.28.0-49-g6dfe1f597d (webtiles) character file.

Game seed: 1589008919918244563

1400 Exodus22XD the Cleaver (level 8, -4/70 HPs)
             Began as a Minotaur Fighter on May 14, 2022.
             Was a Follower of Uskayaw.
             Splashed by a brown very ugly thing's acid (10 damage)
             ... on level 2 of the Abyss.
             The game lasted 00:07:06 (5932 turns).

Exodus22XD the Cleaver (Minotaur Fighter)           Turns: 5932, Time: 00:07:08

Health: -4/70      AC: 15    Str: 22    XL:     8   Next: 41%
Magic:  10/10      EV:  7    Int:  5    God:    Uskayaw [*.....]
Gold:   379        SH:  5    Dex: 11    Spells: 7/7 levels left

rFire   . . .      SeeInvis +   a - +0 war axe
rCold   . . .      Faith    .   c - +0 buckler
rNeg    . . .      Spirit   .   p - +1 chain mail of Gemilill {rPois Slay+2}
rPois   +          Reflect  .   (helmet restricted)
rElec   .          Harm     .   g - +0 cloak
rCorr   .          Rampage  .   l - +1 pair of gloves
Will    .....                   (no boots)
Stlth   ..........              D - amulet of the acrobat
HPRegen 0.21/turn               t - ring of see invisible
MPRegen 0.12/turn               (no ring)

@: no status effects
A: horns 2, retaliatory headbutt
a: Renounce Religion, Stomp


You were on level 2 of the Abyss.
You worshipped Uskayaw.
Uskayaw was noncommittal.
You visited 1 branch of the dungeon, and saw 7 of its levels.
You visited the Abyss 1 time.

You collected 379 gold pieces.

Inventory:

Hand Weapons
 a - a +0 war axe (weapon)
Armour
 c - a +0 buckler (worn)
 g - a +0 cloak (worn)
 l - a +1 pair of gloves (worn)
 p - the +1 chain mail of Gemilill (worn) {rPois Slay+2}
   (You found it on level 2 of the Dungeon)

   Slay:      It affects your accuracy & damage with ranged weapons and melee
   (+2).
   rPois:     It protects you from poison.
Jewellery
 t - a ring of see invisible (left hand)
 z - a ring of flight
 D - an amulet of the acrobat (around neck)
Wands
 B - a wand of polymorph (2)
Scrolls
 b - a scroll of fog
 e - a scroll of summoning {unknown}
 k - a scroll of enchant weapon {unknown}
 m - a scroll of enchant armour
 n - a scroll of vulnerability {unknown}
 o - a scroll of magic mapping
 q - a scroll of torment {unknown}
 s - a scroll of blinking {unknown}
 w - a scroll of immolation
 x - a scroll of teleportation {unknown}
 y - a scroll of amnesia {unknown}
Potions
 h - 2 potions of heal wounds
 i - a potion of lignification
 r - a potion of haste {unknown}
 u - 2 potions of curing
 v - a potion of cancellation {unknown}
 A - a potion of invisibility {unknown}
 C - 2 potions of flight {unknown}
 E - a potion of mutation {unknown}
 F - a potion of ambrosia {unknown}


   Skills:
 + Level 5.7 Fighting
 + Level 8.4 Axes
 + Level 6.6 Armour
 + Level 4.9 Shields
 * Level 4.0 Invocations


You had 7 spell levels left.
You didn't know any spells.
Your spell library contained the following spells:

 Spells                   Type           Power      Damage    Failure   Level
 Magic Dart               Conj           0%         1d3       99%         1
 Call Imp                 Summ           0%         N/A       100%        2
 Mephitic Cloud           Conj/Pois/Air  0%         N/A       100%        3


Dungeon Overview and Level Annotations

Branches:
Dungeon (7/15)             Temple (0/1) D:6

Altars:
Uskayaw

Shops:
D:3 [(   D:5 [

Portals:
Abyss: D:5

Annotations:
D:5 2 transporters, Descartes's ghost, novice FoWr
D:7 Joseph; Maggie


Innate Abilities, Weirdness & Mutations

You have a pair of horns on your head.
You reflexively headbutt those who attack you in melee.


Message History

The ynoxinul gestures.
The flying skull closely misses you.
A thrashing horror comes into view.
You slash the ufetubus!
You kill the ufetubus!
The ufetubus disappears in a puff of smoke!
You hit the flying skull but do no damage.
You block the flying skull's attack.
The ynoxinul hits you but does no damage.
The ufetubus closely misses you. The ufetubus misses you.
You hit the ynoxinul.
The ynoxinul is moderately wounded.
You barely miss the brown very ugly thing.
You slash the ufetubus!
You kill the ufetubus!
The ufetubus disappears in a puff of smoke!
The ynoxinul barely misses you.
As you read the scroll labelled XILEFE LEXUU, it crumbles to dust.
It is a scroll of enchant armour.
Your +0 pair of gloves glows green for a moment.
The brown very ugly thing tail-slaps you.
You are splashed with acid.
* * * LOW HITPOINT WARNING * * *
The ynoxinul hits you but does no damage.
The ynoxinul hits you.
* * * LOW HITPOINT WARNING * * *
As you read the scroll labelled MUL ITUGUOSSILL, it crumbles to dust.
You feel momentarily disoriented.
It was a scroll of magic mapping.
The brown very ugly thing tail-slaps you but does no damage.
The ynoxinul barely misses you. You furiously retaliate!
You headbutt the ynoxinul.
The ynoxinul hits you but does no damage.
Unknown command.
You slash the brown very ugly thing!
The brown very ugly thing is lightly wounded.
You hit the ynoxinul. You slash the ynoxinul!
The brown very ugly thing tail-slaps you!
* * * LOW HITPOINT WARNING * * *
You are splashed with acid!
You die...

# #.# ##. #
######## ...# 3
#... #.##.....#
## .#. . .# #
3#..#.#.#
#...##5..#### ##
#.53#5D3@# ##.
#..#3u## #
###..#z#X##
##.#..#.#...#
##..#######....ยง
. #.....####
###.# . ## #
#...##.# # #.#.
#... .# ##.##.#
.....##


You could see a bone dragon, a brown very ugly thing, a thrashing horror, 2
ynoxinuls, a flying skull and 2 ufetubi.

Vanquished Creatures
  A small abomination (Abyss:2)
  Menkaure (D:7)
  A water moccasin (D:6)
  A sky beast (D:7)
  2 black bears
  2 ice beasts
  2 necrophages
  An ogre (D:7)
  A phantom (D:6)
  A centaur skeleton (D:6)
  A hound (D:4)
  Jessica (D:2)
  2 iguanas (D:4)
  An orc wizard (D:6)
  A hound skeleton (D:4)
  6 gnolls
  2 howler monkey skeletons
  3 adders
  2 shadow imps
  A white imp (D:3)
  An ufetubus (D:4)
  A worm (D:2)
  4 dart slugs
  9 orcs
  3 bats
  6 endoplasms
  5 giant cockroaches
  7 goblins
  9 hobgoblins
  4 jackals
  3 kobolds
  3 quokkas
  9 ball pythons
  3 frilled lizards
  4 rats
104 creatures vanquished.

Vanquished Creatures (others)
  6 plants (D:3)
6 creatures vanquished.

Grand Total: 110 creatures vanquished

Notes
Turn   | Place    | Note
-------+----------+-------------------------------------------
     0 | D:1      | Exodus22XD the Minotaur Fighter began the quest for the
                  | Orb.
     0 | D:1      | Reached XP level 1. HP: 19/19 MP: 0/0
    92 | D:1      | Reached XP level 2. HP: 27/27 MP: 1/1
   492 | D:1      | Reached skill level 3 in Axes
   515 | D:1      | Reached XP level 3. HP: 33/33 MP: 2/2
   656 | D:2      | Noticed Jessica
   661 | D:2      | Killed Jessica
  1024 | D:2      | Reached XP level 4. HP: 37/40 MP: 3/3
  1255 | D:2      | Found a faded altar of an unknown god.
  1282 | D:2      | Prayed at the altar of an unknown god.
  1282 | D:2      | Became a worshipper of Uskayaw the Reveller
  1282 | D:2      | Reached * piety under Uskayaw
  1324 | D:2      | Reached skill level 4 in Axes
  1333 | D:2      | Identified the +1 chain mail of Gemilill {rPois Slay+2}
  1962 | D:3      | Found Hixian Niunk's Antique Armour Emporium.
  1994 | D:3      | Found Fepit's Weapon Boutique.
  2019 | D:3      | Reached ** piety under Uskayaw
  2773 | D:4      | Reached skill level 1 in Invocations
  2773 | D:4      | Reached XP level 5. HP: 42/47 MP: 0/4
  2774 | D:4      | Reached *** piety under Uskayaw
  2779 | D:4      | Reached **** piety under Uskayaw
  3148 | D:4      | Reached skill level 5 in Axes
  3188 | D:4      | Noticed a black bear
  3196 | D:4      | Killed a black bear
  3197 | D:4      | Reached skill level 5 in Armour
  3197 | D:4      | Reached XP level 6. HP: 46/53 MP: 6/6
  3550 | D:5      | Entered Level 5 of the Dungeon
  3571 | D:5      | Reached skill level 6 in Axes
  3733 | D:5      | Noticed a small abomination
  3734 | D:5      | Found a transporter.
  3869 | D:5      | Found Sicliv's Antique Armour Boutique.
  3870 | D:5      | Found a transporter.
  3877 | D:5      | Reached XP level 7. HP: 60/60 MP: 7/7
  3971 | D:5      | Found a one-way gate to the infinite horrors of the Abyss.
  3971 | D:5      | Noticed Descartes's ghost (novice FoWr)
  4459 | D:6      | Reached skill level 5 in Fighting
  4459 | D:6      | Reached skill level 7 in Axes
  4597 | D:6      | Found a staircase to the Ecumenical Temple.
  4913 | D:7      | Noticed Maggie
  4948 | D:7      | Reached XP level 8. HP: 48/68 MP: 9/9
  5475 | D:7      | Reached skill level 8 in Axes
  5619 | D:7      | Noticed Menkaure
  5624 | D:7      | Killed Menkaure
  5698 | D:7      | Noticed Joseph
  5710 | D:7      | Cast into level 2 of the Abyss (Maggie)
  5861 | Abyss:2  | Noticed a bone dragon
  5890 | Abyss:2  | Noticed a brown very ugly thing
  5903 | Abyss:2  | Noticed a flying skull
  5923 | Abyss:2  | Noticed a flying skull
  5923 | Abyss:2  | Noticed a flying skull
  5926 | Abyss:2  | Noticed a thrashing horror
  5932 | Abyss:2  | Splashed by a brown very ugly thing's acid

Illustrated notes

Levels and vault maps discovered:
D:1:      dpeg_arrival_leaves_temple_mockup, layout_basic
D:2:      layout_loops_ring, hellmonk_ecumenical_altar_inner_sanctum,
          minivault_4, uniq_jessica
D:3:      layout_rooms, serial_shops, nicolae_shop_waterfront, shop,
          serial_bayou, serial_bayou_lake_a, serial_bayou_lagoon_a,
          serial_bayou_shore_b, serial_bayou_crossing, serial_bayou_pond_a,
          kennysheep_generic_room_10
D:4:      layout_cave_pools, palyth_stone_intersect
D:5:      layout_loops_corners, serial_shops, nicolae_shop_advertising_works
          [nicolae_subvault_shop_adworks], gammafunk_ghost_abyssal_escape,
          minivault_25
D:6:      layout_gridville, minmay_temple_entry_glassed_door,
          hangedman_decor_push
D:7:      layout_loops_corners, amethyst_killhole, minmay_tree_intersection,
          uniq_joseph, uniq_menkaure, uniq_maggie
Abyss:2:  base: D:4, minivault_27

Skill      XL: |  1  2  3  4  5  6  7  8 |
---------------+-------------------------+-----
Armour         | 4 5 6 |  6.6
Fighting       | 4 5 |  5.7
Shields        | 4 |  4.9
Axes           | 3 4 5 6 7 8 |  8.4
Invocations    | 1 2 3 4 |  4.0

Action                   |  1- 3 |  4- 6 |  7- 9 || total
-------------------------+-------+-------+-------++-------
Melee: War axe           |    58 |   120 |    69 ||   247
       Headbutt          |     3 |    16 |    13 ||    32
Invok: Stomp             |       |     1 |       ||     1
  Use: Scroll            |       |       |     8 ||     8
       Potion            |       |       |     2 ||     2
 Stab: Paralysed         |       |     2 |     6 ||     8
Armor: Scale mail        |    29 |     2 |       ||    31
       Chain mail        |       |    77 |    39 ||   116
Dodge: Dodged            |    35 |    56 |    35 ||   126
Block: Buckler           |    18 |    39 |    20 ||    77
